PCL
SALT LAKE BEES @ MEMPHIS REDBIRDS
08/04/2099
 
TOP OF THE 1ST
Salt Lake Bees batting - Pitching for Memphis Redbirds : RHP Calvin Carter
Pitching: RHP Calvin Carter
Batting: RHB Mat Bushey 0-0: SINGLE (Line Drive, 89S, EV 98.1 MPH)
Batting: LHB Ricky Sisneros 0-0: Ball
1-0: Ball
2-0: Swinging Strike
2-1: Fly out, F8 (Flyball, 8LD, EV 109.4 MPH)
Batting: RHB John Phillips 0-0: Foul Ball, location: 2LF
0-1: Ball
1-1: Ball
2-1: Ball
3-1: Base on Balls
Mat Bushey to second
Batting: LHB Roger Adkins 0-0: Called Strike
0-1: Ball
1-1: Foul Ball, location: 5FF
1-2: Ball
2-2: Grounds out, U3 (Groundball, 3L, EV 83.1 MPH)
Mat Bushey to third
Batting: LHB Ryan Ricks 0-0: Ball
1-0: Ball
2-0: 3-RUN HOME RUN (Flyball, 9D, EV 93.8 MPH), Distance : 355 ft
Batting: RHB Xavier Montes 0-0: Ball
1-0: Ball
2-0: Called Strike
2-1: SINGLE (Groundball, 34D, EV 107.5 MPH)
Batting: LHB Ramon Bermudez 0-0: Ball
Wild Pitch!
Xavier Montes to second
1-0: Ground out U3 (Groundball, 3, EV 107.5 MPH)
Top of the 1st over - 3 runs, 3 hits, 0 errors, 1 left on base; Salt Lake 3 - Memphis 0
BOTTOM OF THE 1ST
Memphis Redbirds batting - Pitching for Salt Lake Bees : RHP Casey Collins
Pitching: RHP Casey Collins
Batting: LHB Brett Rinehart 0-0: Ball
1-0: Swinging Strike
1-1: Swinging Strike
1-2: Strikes out swinging
Batting: LHB Robert White 0-0: Foul Ball, location: 5SF
0-1: Called Strike
0-2: SINGLE (Groundball, 4MD, EV 97.5 MPH)
Batting: SHB Chris Klapp 0-0: Ball
1-0: Called Strike
1-1: Ball
2-1: Ball
3-1: Base on Balls
Robert White to second
Batting: LHB Doug Sullivan 0-0: Called Strike
0-1: Ball
1-1: Fly out, F9 (Flyball, 9S, EV 91.9 MPH)
Batting: RHB Chris Reed 0-0: Ball
1-0: Foul Ball, location: 9LSF
1-1: Ball
2-1: Ground out 5-3 (Groundball, 56S, EV 59.4 MPH)
Bottom of the 1st over - 0 runs, 1 hit, 0 errors, 2 left on base; Salt Lake 3 - Memphis 0
TOP OF THE 2ND
Salt Lake Bees batting - Pitching for Memphis Redbirds : RHP Calvin Carter
Batting: LHB Austin Newton 0-0: Called Strike
0-1: Ground out 6-3 (Groundball, 6, EV 92.5 MPH)
Batting: LHB Ryan Mascolino 0-0: Ball
1-0: Ball
2-0: Ball
3-0: Base on Balls
Batting: RHB Mat Bushey 0-0: Foul Ball, location: 5F
0-1: Ball
1-1: Ball
2-1: Ball
3-1: Foul Ball, location: 2F
3-2: Strikes out swinging
Batting: LHB Ricky Sisneros 0-0: Ball
1-0: Called Strike
1-1: Called Strike
1-2: Ball
2-2: Strikes out swinging
Top of the 2nd over - 0 runs, 0 hits, 0 errors, 1 left on base; Salt Lake 3 - Memphis 0
BOTTOM OF THE 2ND
Memphis Redbirds batting - Pitching for Salt Lake Bees : RHP Casey Collins
Batting: RHB Mike Sterken 0-0: Foul Ball, location: 9LSF
0-1: Ball
1-1: Ball
2-1: Ball
3-1: Fly out, F9 (Flyball, 9S, EV 87.5 MPH)
Batting: RHB Jayden Whaley 0-0: Called Strike
0-1: Foul Ball, location: 2F
0-2: Foul Ball, location: 2F
0-2: Foul Ball, location: 2F
0-2: Strikes out swinging
Batting: LHB David Cessor 0-0: Ball
1-0: Called Strike
1-1: Ground out 4-3 (Groundball, 4, EV 84.4 MPH)
Bottom of the 2nd over - 0 runs, 0 hits, 0 errors, 0 left on base; Salt Lake 3 - Memphis 0
TOP OF THE 3RD
Salt Lake Bees batting - Pitching for Memphis Redbirds : RHP Calvin Carter
Batting: RHB John Phillips 0-0: Called Strike
0-1: Foul Ball, location: 2F
0-2: Strikes out swinging
Batting: LHB Roger Adkins 0-0: Foul Ball, location: 2F
0-1: Fly out, F7 (Flyball, 7, EV 91.9 MPH)
Batting: LHB Ryan Ricks 0-0: Called Strike
0-1: Called Strike
0-2: Strikes out looking
Top of the 3rd over - 0 runs, 0 hits, 0 errors, 0 left on base; Salt Lake 3 - Memphis 0
BOTTOM OF THE 3RD
Memphis Redbirds batting - Pitching for Salt Lake Bees : RHP Casey Collins
Batting: RHB Izzy Mina 0-0: Called Strike
0-1: Fly out, F8 (Flyball, 8LD, EV 85.0 MPH)
Batting: LHB Brett Rinehart 0-0: SINGLE (Groundball, P, EV 81.9 MPH) (infield hit)
Batting: LHB Robert White 0-0: Ball
1-0: Foul Ball, location: 3F
1-1: Ball
2-1: Fielders Choice at 2nd, 3-6 (Groundball, 3, EV 78.8 MPH)
Batting: SHB Chris Klapp 0-0: Ball
1-0: Ball
2-0: Called Strike
2-1: Called Strike
2-2: Ball
3-2: Foul Ball, location: 9LSFF
3-2: Foul Ball, location: 7LDF
3-2: Base on Balls
Robert White to second
Batting: LHB Doug Sullivan 0-0: Ball
1-0: Ball
2-0: Fly out, F9 (Flyball, 9D, EV 109.4 MPH)
Bottom of the 3rd over - 0 runs, 1 hit, 0 errors, 2 left on base; Salt Lake 3 - Memphis 0
TOP OF THE 4TH
Salt Lake Bees batting - Pitching for Memphis Redbirds : RHP Calvin Carter
Batting: RHB Xavier Montes 0-0: Ball
1-0: Called Strike
1-1: Ball
2-1: Swinging Strike
2-2: Ground out 5-3 (Groundball, 56, EV 92.5 MPH)
Batting: LHB Ramon Bermudez 0-0: Called Strike
0-1: Ground out 4-3 (Groundball, 13, EV 80.6 MPH)
Batting: LHB Austin Newton 0-0: Swinging Strike
0-1: Ball
1-1: Foul Ball, location: 3FF
1-2: Ground out 4-3 (Groundball, 4, EV 87.5 MPH)
Top of the 4th over - 0 runs, 0 hits, 0 errors, 0 left on base; Salt Lake 3 - Memphis 0
BOTTOM OF THE 4TH
Memphis Redbirds batting - Pitching for Salt Lake Bees : RHP Casey Collins
Batting: RHB Chris Reed 0-0: Ball
1-0: Ball
2-0: Ball
3-0: Called Strike
3-1: Called Strike
3-2: Strikes out swinging
Batting: RHB Mike Sterken 0-0: Swinging Strike
0-1: Foul Ball, location: 5F
0-2: Fly out, F3 (Popup, 34S, EV 86.3 MPH)
Batting: RHB Jayden Whaley 0-0: Foul Ball, location: 2F
0-1: Swinging Strike
0-2: Strikes out swinging
Bottom of the 4th over - 0 runs, 0 hits, 0 errors, 0 left on base; Salt Lake 3 - Memphis 0
TOP OF THE 5TH
Salt Lake Bees batting - Pitching for Memphis Redbirds : RHP Calvin Carter
Batting: LHB Ryan Mascolino 0-0: Ball
1-0: Ball
2-0: Swinging Strike
2-1: Fly out, F8 (Flyball, 8LXD, EV 105.6 MPH)
Batting: RHB Mat Bushey 0-0: Ball
1-0: Fly out, F8 (Line Drive, 8LD, EV 87.5 MPH)
Batting: LHB Ricky Sisneros 0-0: Ball
1-0: Foul Ball, location: 3F
1-1: Called Strike
1-2: Strikes out swinging
Top of the 5th over - 0 runs, 0 hits, 0 errors, 0 left on base; Salt Lake 3 - Memphis 0
BOTTOM OF THE 5TH
Memphis Redbirds batting - Pitching for Salt Lake Bees : RHP Casey Collins
Batting: LHB David Cessor 0-0: Ball
1-0: Ball
2-0: Ball
3-0: Base on Balls
Batting: RHB Izzy Mina 0-0: Called Strike
0-1: Ball
1-1: Ball
2-1: Foul Ball, location: 2F
2-2: Strikes out swinging
Batting: LHB Brett Rinehart 0-0: Ball
1-0: Ball
2-0: Swinging Strike
2-1: Fielders Choice at 2nd, 4-6 (Groundball, 4, EV 88.1 MPH)
Batting: LHB Robert White 0-0: Ball
Brett Rinehart is caught stealing 2nd base 2-6
Bottom of the 5th over - 0 runs, 0 hits, 0 errors, 0 left on base; Salt Lake 3 - Memphis 0
TOP OF THE 6TH
Salt Lake Bees batting - Pitching for Memphis Redbirds : RHP Calvin Carter
Batting: RHB John Phillips 0-0: Ball
1-0: Ball
2-0: Ball
3-0: Fly out, F9 (Flyball, 9, EV 90.0 MPH)
Batting: LHB Roger Adkins 0-0: Ball
1-0: Called Strike
1-1: Swinging Strike
1-2: Strikes out swinging
Batting: LHB Ryan Ricks 0-0: Foul Ball, location: 9LMF
0-1: Ball
1-1: Foul Ball, location: 25F
1-2: Ground out 6-3 (Groundball, 6, EV 101.3 MPH)
Top of the 6th over - 0 runs, 0 hits, 0 errors, 0 left on base; Salt Lake 3 - Memphis 0
BOTTOM OF THE 6TH
Memphis Redbirds batting - Pitching for Salt Lake Bees : RHP Casey Collins
Batting: LHB Robert White 0-0: Ball
1-0: Ball
2-0: Called Strike
2-1: Foul Ball, location: 23F
2-2: Foul Ball, location: 2F
2-2: Foul Ball, location: 23F
2-2: Fly out, F6 (Popup, 6M, EV 62.5 MPH)
Batting: SHB Chris Klapp 0-0: Ball
1-0: Ball
2-0: Called Strike
2-1: Ball
3-1: Fly out, F5 (Popup, 25, EV 80.6 MPH)
Batting: LHB Doug Sullivan 0-0: Ball
1-0: Foul Ball, location: 7LSF
1-1: Ball
2-1: Swinging Strike
2-2: Ground out 5-3 (Groundball, 56, EV 100.0 MPH)
Bottom of the 6th over - 0 runs, 0 hits, 0 errors, 0 left on base; Salt Lake 3 - Memphis 0
TOP OF THE 7TH
Salt Lake Bees batting - Pitching for Memphis Redbirds : RHP Calvin Carter
Batting: RHB Xavier Montes 0-0: Ball
1-0: Called Strike
1-1: DOUBLE (Flyball, 9LM, EV 99.4 MPH)
Batting: LHB Ramon Bermudez 0-0: Swinging Strike
0-1: Ground out 6-3 (Groundball, 6, EV 86.9 MPH)
Batting: LHB Austin Newton 0-0: Foul Ball, location: 2RF
0-1: Foul Ball, location: 7LDF
0-2: Fly out, F7 (Flyball, 7, EV 75.0 MPH)
Batting: LHB Ryan Mascolino 0-0: Foul Ball, location: 25F
0-1: Ball
1-1: 2-RUN HOME RUN (Flyball, 78XD, EV 100.0 MPH), Distance : 400 ft
Pitching: RHP Adam Alred
Batting: RHB Mat Bushey 0-0: Ball
1-0: Called Strike
1-1: Swinging Strike
1-2: Ball
2-2: Strikes out looking
Top of the 7th over - 2 runs, 2 hits, 0 errors, 0 left on base; Salt Lake 5 - Memphis 0
BOTTOM OF THE 7TH
Memphis Redbirds batting - Pitching for Salt Lake Bees : RHP Casey Collins
Batting: RHB Chris Reed 0-0: Ball
1-0: Ball
2-0: Ball
3-0: Called Strike
3-1: Foul Ball, location: 2F
3-2: Base on Balls
Pinch Hitting: LHB Jonathan Steben 0-0: Fly out, F9 (Line Drive, 89M, EV 89.4 MPH)
Batting: RHB Jayden Whaley 0-0: Called Strike
0-1: SINGLE (Line Drive, 89M, EV 93.8 MPH)
Chris Reed to second
Batting: LHB David Cessor 0-0: Ball
1-0: Fly out, F8 (Flyball, 8LXD, EV 106.9 MPH)
Runner from 2nd tags up, SAFE at 3rd, no throw by CF
Pinch Hitting: RHB Pat Fry 0-0: Ball
1-0: SINGLE (Line Drive, 4MD, EV 100.0 MPH)
Chris Reed scores
Jayden Whaley to second
Batting: LHB Brett Rinehart 0-0: Called Strike
0-1: Swinging Strike
0-2: SINGLE (Flyball, 9LS, EV 101.3 MPH)
Jayden Whaley to third
Pat Fry to second
Batting: LHB Robert White 0-0: Ball
1-0: Foul Ball, location: 2F
1-1: Ball
2-1: Called Strike
2-2: Strikes out looking
Bottom of the 7th over - 1 run, 3 hits, 0 errors, 3 left on base; Salt Lake 5 - Memphis 1
TOP OF THE 8TH
Salt Lake Bees batting - Pitching for Memphis Redbirds : RHP Adam Alred
Now at 1B: Jonathan Steben
Now at SS: Pat Fry
Batting: LHB Ricky Sisneros 0-0: Ball
1-0: Foul Ball, location: 2F
1-1: Ball
2-1: SOLO HOME RUN (Flyball, 9D, EV 97.5 MPH), Distance : 352 ft
Batting: RHB John Phillips 0-0: Ball
1-0: Ball
2-0: Ball
3-0: Called Strike
3-1: Called Strike
3-2: Strikes out swinging
Batting: LHB Roger Adkins 0-0: Ball
1-0: SOLO HOME RUN (Flyball, 7D, EV 96.3 MPH), Distance : 372 ft
Batting: LHB Ryan Ricks 0-0: Ground out 6-3 (Groundball, 6, EV 99.4 MPH)
Batting: RHB Xavier Montes 0-0: Swinging Strike
0-1: Ball
1-1: Ball
2-1: Foul Ball, location: 2F
2-2: Foul Ball, location: 2F
2-2: Strikes out looking
Top of the 8th over - 2 runs, 2 hits, 0 errors, 0 left on base; Salt Lake 7 - Memphis 1
BOTTOM OF THE 8TH
Memphis Redbirds batting - Pitching for Salt Lake Bees : RHP Casey Collins
Pitching: RHP Taylor Tindall
Batting: SHB Chris Klapp 0-0: Called Strike
0-1: Foul Ball, location: 2F
0-2: Ball
1-2: Strikes out swinging
Batting: LHB Doug Sullivan 0-0: Ball
1-0: Fly out, F7 (Flyball, 7LSF, EV 72.5 MPH)
Batting: RHB Chris Reed 0-0: Ball
1-0: Called Strike
1-1: Foul Ball, location: 9LMF
1-2: Strikes out swinging
Bottom of the 8th over - 0 runs, 0 hits, 0 errors, 0 left on base; Salt Lake 7 - Memphis 1
TOP OF THE 9TH
Salt Lake Bees batting - Pitching for Memphis Redbirds : RHP Adam Alred
Batting: LHB Ramon Bermudez 0-0: Foul Ball, location: 2F
0-1: Ball
1-1: Ball
2-1: SINGLE (Line Drive, 8RS, EV 111.3 MPH)
Batting: LHB Austin Newton 0-0: Called Strike
0-1: Foul Ball, location: 2F
0-2: Strikes out looking
Batting: LHB Ryan Mascolino 0-0: Fly out, F9 (Flyball, 89M, EV 85.6 MPH)
Batting: RHB Mat Bushey 0-0: Called Strike
0-1: Ball
1-1: Ball
2-1: Ground out 4-3 (Groundball, 4S, EV 66.3 MPH)
Top of the 9th over - 0 runs, 1 hit, 0 errors, 1 left on base; Salt Lake 7 - Memphis 1
BOTTOM OF THE 9TH
Memphis Redbirds batting - Pitching for Salt Lake Bees : RHP Taylor Tindall
Batting: LHB Jonathan Steben 0-0: Foul Ball, location: 2F
0-1: Foul Ball, location: 2F
0-2: Ball
1-2: Foul Ball, location: 5F
1-2: Ball
2-2: Strikes out swinging
Batting: RHB Jayden Whaley 0-0: Swinging Strike
0-1: Swinging Strike
0-2: Strikes out swinging
Batting: LHB David Cessor 0-0: Called Strike
0-1: Ball
1-1: Ball
2-1: Ball
3-1: Base on Balls
Batting: RHB Pat Fry 0-0: Ball
Wild Pitch!
David Cessor to second
1-0: Called Strike
1-1: Ball
2-1: Foul Ball, location: 2F
2-2: SINGLE (Line Drive, 8RS, EV 86.3 MPH)
David Cessor to third
Batting: LHB Brett Rinehart 0-0: Called Strike
0-1: Swinging Strike
0-2: Strikes out swinging
Bottom of the 9th over - 0 runs, 1 hit, 0 errors, 2 left on base; Salt Lake 7 - Memphis 1
Monday, May 13th , 2024 - OOTP Baseball 24.11 Build 85